 Dungeon Crawl Stone Soup version 0.31-a0-175-g9f7f995f2b (webtiles) character file.

Game seed: 16854548807077938839

30 qw the Shield-Bearer (level 3, 0/23 HPs)
             Began as a Gargoyle Fighter on June 16, 2023.
             Slain by Terence
             ... wielding the +7 Throatcutter {drain, coup de grace}
              (6 damage)
             ... on level 2 of the Dungeon.
             The game lasted 00:00:28 (1149 turns).

qw the Shield-Bearer (Gargoyle Fighter)             Turns: 1149, Time: 00:00:29

Health: 0/23       AC: 11    Str: 21    XL:     3   Next: 18%
Magic:  3/3        EV:  9    Int:  8    God:
Gold:   35         SH:  4    Dex:  9    Spells: 2/2 levels left

rFire   . . .        Y - +0 war axe
rCold   . . .        c - +0 buckler
rNeg    + . .        b - +0 scale mail
rPois   inf          h - +0 helmet
rElec   +            (no cloak)
rCorr   .            (no gloves)
SInv    .            (no boots)
Will    .....        (no amulet) Stlth
                     (no ring)
HPRegen 0.23/turn    (no ring)
MPRegen 0.08/turn

%: no passive effects
@: no status effects
A: sickness immunity, AC +3, negative energy resistance 1, electricity
resistance, torment resistance 1, petrification resistance
a: no special abilities


You were on level 2 of the Dungeon.
You visited 1 branch of the dungeon, and saw 2 of its levels.

You collected 35 gold pieces.


Innate Abilities, Weirdness & Mutations

You are immune to sickness and miasma.
Your stone body is resilient. (AC +3)
You are immune to poison.
You resist negative energy. (rN+)
You are resistant to electric shocks. (rElec)
You are resistant to unholy torment.
You are immune to petrification.


   Skills:
 - Level 3.2 Fighting
 + Level 3.2 Axes
 - Level 3.2 Armour
 - Level 3.2 Shields


You had 2 spell levels left.
You didn't know any spells.
Your spell library was empty.

Inventory:

Hand Weapons
 f - a +0 club
 Y - a +0 war axe (weapon)
Armour
 b - a +0 scale mail (worn)
 c - a +0 buckler (worn)
 h - a +0 helmet (worn)
Potions
 a - a potion of curing {unknown}
 d - a potion of might
 e - a potion of enlightenment {unknown}

Dungeon Overview and Level Annotations

Branches:
Dungeon (2/15)

Altars:

Annotations:
D:2 Terence


Message History

A frilled lizard comes into view.
Found a knobbly jewelled staff.
The frilled lizard hisses angrily.
Enter note:
Enter note:
Enter note:
Enter note: You closely miss the frilled lizard.
The frilled lizard barely misses you.
You slash the frilled lizard!
You kill the frilled lizard!
Terence the Incautious comes into view.
He is wielding the +7 Throatcutter {drain, coup de grace}.
Terence shouts!
You see here a staff of air.
Enter note:
Enter note:
Enter note:
Enter note: You barely miss Terence.
You block Terence's attack.
You hit Terence but do no damage.
Terence hits you with the +7 Throatcutter {drain, coup de grace}.
You hit Terence but do no damage. Terence misses you.
Terence hits you with the +7 Throatcutter {drain, coup de grace}.
You hit Terence.
Terence is moderately wounded.
Terence closely misses you.
You closely miss Terence.
Terence is moderately wounded.
Terence closely misses you.
You hit Terence but do no damage.
Terence is moderately wounded.
Terence hits you with the +7 Throatcutter {drain, coup de grace}!
Terence says, "Rest in peace."
Terence hits you with the +7 Throatcutter {drain, coup de grace}.
You completely miss Terence.
Terence is moderately wounded.
Terence hits you with the +7 Throatcutter {drain, coup de grace}.
You die...

#....##'#####.
#####.##...........#.
#.....##.........(.#.
####.....##...........#.
.......................>
.........######.......#.
.........# #.......#.
.........# #.......#.
......@@.### ###'#####.
...........######.###...
....####.#......%.......
... #.#.............. .
..................
...................
#..#................
..................<.
......#..##+##+#.....


You could see Terence.

Vanquished Creatures
  2 dart slugs
  An endoplasm (D:2)
  3 hobgoblins (D:1)
  4 quokkas
  6 ball pythons
  3 frilled lizards (D:2)
  2 goblins (D:1)
  2 rats (D:1)
23 creatures vanquished.

Notes
Turn   | Place    | Note
-------+----------+-------------------------------------------
     0 | D:1      | qw the Gargoyle Fighter began the quest for the Orb.
     0 | D:1      | Reached XP level 1. HP: 14/14 MP: 1/1
     0 | D:1      | 0 ||| qw: Version: 0.2-a-29-g511e9b1
     0 | D:1      | 0 ||| qw: Game counter: 5806
     0 | D:1      | 0 ||| qw: Always use a shield: true
     0 | D:1      | 0 ||| qw: God list: Okawaru
     0 | D:1      | 0 ||| qw: Allow faded altars: false
     0 | D:1      | 0 ||| qw: Do Orc after D:15 true
     0 | D:1      | 0 ||| qw: Do second Lair branch before Depths: true
     0 | D:1      | 0 ||| qw: Lair rune preference: random
     0 | D:1      | 0 ||| qw: Plans: Normal, Zot:1-4, Slime:5, God:TSO, Crypt,
                  | Tomb, Abyss, Pan, Hells, Win
     0 | D:1      | 0 ||| PLANNING D:1-11
   236 | D:1      | Reached XP level 2. HP: 19/19 MP: 2/2
   611 | D:1      | 611 ||| Stepping ~*~*~tactically~*~*~ (stealth).
   738 | D:1      | 738 ||| UPGRADING to +0 helmet.
   743 | D:1      | 743 ||| READING 2 scrolls labelled QIXEEN QUFROA.
   844 | D:1      | 844 ||| READING scroll labelled IHAHIOTWENG.
   845 | D:1      | 845 ||| DROPPING scroll of silence.
   864 | D:2      | 864 ||| Stepping ~*~*~tactically~*~*~ (stealth).
   904 | D:2      | 904 ||| Stepping ~*~*~tactically~*~*~ (hiding).
   915 | D:2      | Reached skill level 3 in Axes
   963 | D:2      | Reached XP level 3. HP: 23/23 MP: 3/3
  1137 | D:2      | Noticed Terence
  1148 | D:2      | HP: 5/23 [Terence/the +7 Throatcutter {drain, coup de
                  | grace} (6)]
  1149 | D:2      | Slain by Terence

Levels and vault maps discovered:
D:1:      minmay_arrival_doors, layout_basic
D:2:      layout_basic, minmay_misc_feat_plants, uniq_terence, uniq_natasha

Skill      XL: |  1  2 |
---------------+-------+-----
Axes           | 2 3 |  3.2
Fighting       | |  3.2
Armour         | |  3.2
Shields        | |  3.2

Action                     || total
---------------------------++-------
  Melee: War axe           ||    72
    Use: Scroll            ||     2
 Armour: Scale mail        ||    34
  Dodge: Dodged            ||    26
  Block: Buckler           ||    13

Table legend:
 A = Non-vault XP
 B = Vault XP
 C = Vault XP percentage of total XP
 D = Non-vault monster count
 E = Vault monster count
 F = Vault count percentage of total count
                 A         B        C        D         E       F
            +---------+---------+-------+---------+---------+-------
      Total |      43 |       0 |   0.0 |      23 |       0 |   0.0
            +---------+---------+-------+---------+---------+-------
        D:1 |      24 |       0 |   0.0 |      13 |       0 |   0.0
        D:2 |      19 |       0 |   0.0 |      10 |       0 |   0.0
            +---------+---------+-------+---------+---------+-------
